 Dungeon Crawl Stone Soup version 0.32-a0-42-ga30500b4d3 (webtiles) character file.

Game seed: 3860443254198819163

67 lunkers the Firebug (level 4, -7/39 HPs)
             Began as an Oni Fire Elementalist on Feb 1, 2024.
             Mangled by Natasha (8 damage)
             ... on level 2 of the Dungeon.
             The game lasted 00:03:45 (1988 turns).

lunkers the Firebug (Oni Fire Elementalist)         Turns: 1988, Time: 00:03:45

Health: -7/39      AC:  4    Str: 12    XL:     4   Next: 16%
Magic:  4/9        EV:  9    Int: 18    God:
Gold:   50         SH:  0    Dex:  9    Spells: 6/9 levels left

rFire   . . .        (no weapon)
rCold   . . .        (no shield)
rNeg    . . .        a - +0 robe
rPois   .            (helmet restricted)
rElec   .            h - +0 cloak
rCorr   .            (gloves unavailable)
SInv    .            (boots unavailable)
Will    .....        (no amulet)
Stlth   +            (no ring)
HPRegen 0.26/turn    (no ring)
MPRegen 0.11/turn

%: no passive effects
@: very slightly contaminated
A: large, unfitting armour, horns 1, tough skin 1, double potion healing,
drunken brawling
a: no special abilities


You were on level 2 of the Dungeon.
You visited 1 branch of the dungeon, and saw 2 of its levels.

You collected 50 gold pieces.

Inventory:

Armour
 a - a +0 robe (worn)
 h - a +0 cloak (worn)
Jewellery
 g - a ring of willpower
Scrolls
 c - 2 scrolls of immolation {unknown}
 d - 3 scrolls of identify {unknown}
 i - a scroll of amnesia {unknown}
 j - a scroll of poison {unknown}
Potions
 b - a potion of magic
 e - a potion of cancellation {unknown}
 f - a potion of enlightenment {unknown}


   Skills:
 - Level 1.7 Dodging
 - Level 1.4 Stealth
 + Level 3.4 Spellcasting
 - Level 0.8 Conjurations
 * Level 3.9 Fire Magic


You had 6 spell levels left.
You knew the following spells:

 Your Spells              Type           Power      Damage    Failure   Level
a - Foxfire               Conj/Fire      44%        2x1d6     6%          1
b - Scorch                Fire           34%        2d6       4%          2

Your spell library contained the following spells:

 Spells                   Type           Power      Damage    Failure   Level
 Inner Flame              Hex/Fire       10%        N/A       21%         3
 Volatile Blastmotes      Fire/Tloc      20%        2d11      21%         3
 Flame Wave               Conj/Fire      11%        2d6       50%         4


Dungeon Overview and Level Annotations

Branches:
Dungeon (2/15)

Altars:

Shops:
D:2 =

Annotations:
D:2 Natasha


Innate Abilities, Weirdness & Mutations

You are too large for most types of armour.
You have a pair of small horns on your head.
You have tough skin. (AC +1)
You gain doubled healing and magic from potions.
Whenever you drink a healing potion, you attack all around you.


Message History

You are very lightly contaminated with residual magic.
Nothing appears to happen.
The foxfire hits the bat.
You kill the bat!
The cerulean imp hits you but does no damage.
The cerulean imp closely misses you.
The cerulean imp hits you with a +0 spear.
* * * LOW HITPOINT WARNING * * *
Unknown command.
Unknown command.
Casting: Foxfire (safe; 6% risk of failure)
Press: ? - help, Q - select action, (/) - cycle Dir - look around, f - activate You conjure some foxfire!
Natasha howls an incantation.
Natasha shimmers violently.
Natasha claws you.
* * * LOW HITPOINT WARNING * * *
The cerulean imp hits you with a +1 spear.
* * * LOW HITPOINT WARNING * * *
The cerulean imp barely misses you.
The cerulean imp hits you from afar with a +2 spear!
* * * LOW HITPOINT WARNING * * *
Unknown command.
Casting: Foxfire (safe; 6% risk of failure)
Press: ? - help, Q - select action, (/) - cycle Dir - look around, f - activate
Okay, then.
The foxfire hits the cerulean imp.
The cerulean imp is almost dead.
The foxfire hits the cerulean imp but does no damage.
The cerulean imp is lightly wounded.
Natasha attacks as she pursues you! Natasha barely misses you.
The cerulean imp barely misses you.
The cerulean imp hits you from afar with a +0 spear.
* * * LOW HITPOINT WARNING * * *
The cerulean imp hits you from afar with a +2 spear.
* * * LOW HITPOINT WARNING * * *
Okay, then.
Natasha claws you!
You die...
Natasha begins licking her fur clean.

#..... #..... #..... ..
#... ### ..########.##
#.. ......†....# #.#
........#### #.#
##......# # # #@#
#......#####
....#.#h#####.###.......
....%.5..5....>#........
###.#...5####).#........
####.# #∩.#........
###.# #..#........ ..#.#
#........... #.#.#
##..###+#### # #.#.#
#..# #.#


You could see Natasha and 2 cerulean imps.

Vanquished Creatures
  Natasha (D:2)
  An adder (D:2)
  2 dart slugs (D:1)
  4 ball pythons (D:1)
  2 bats
  An endoplasm (D:1)
  6 goblins (D:1)
  A hobgoblin (D:2)
  2 jackals (D:1)
  A frilled lizard (D:1)
  3 kobolds
  5 rats
29 creatures vanquished.

Vanquished Creatures (others)
  153 foxfires
153 creatures vanquished.

Grand Total: 182 creatures vanquished

Notes
Turn   | Place    | Note
-------+----------+-------------------------------------------
     0 | D:1      | lunkers the Oni Fire Elementalist began the quest for the
                  | Orb.
     0 | D:1      | Reached XP level 1. HP: 16/16 MP: 3/3
   307 | D:1      | Reached XP level 2. HP: 24/24 MP: 1/5
  1151 | D:1      | Reached XP level 3. HP: 31/31 MP: 2/7
  1356 | D:1      | Learned a level 2 spell: Scorch
  1916 | D:2      | Noticed Natasha
  1922 | D:2      | Killed Natasha
  1923 | D:2      | Reached XP level 4. HP: 39/39 MP: 5/9
  1966 | D:2      | Found Ugulip's Jewellery Emporium.
  1977 | D:2      | Noticed Natasha
  1987 | D:2      | HP: 1/39 [cerulean imp/+2 spear[Natasha] (3)]
  1988 | D:2      | Mangled by Natasha

Illustrated notes

Levels and vault maps discovered:
D:1:      onia_arrival_mini_spirals, layout_loops_corners
D:2:      layout_basic, serial_shops, nicolae_shop_rolling_square,
          nicolae_shop_real_fake_doors, shop, uniq_natasha

Skill      XL: |  1  2 |
---------------+-------+-----
Fire Magic     | 3 |  3.9
Spellcasting   | 3 |  3.4
Dodging        | |  1.7
Stealth        | |  1.4
Conjurations   | |  0.8

Action                     |  1- 3 |  4- 6 || total
---------------------------+-------+-------++-------
   Cast: Foxfire           |    82 |     5 ||    87
 Armour: Robe              |    16 |    17 ||    33
  Dodge: Dodged            |     7 |     9 ||    16

Table legend: (Time is in decaauts)
 A = Elapsed time spent in this place.
 B = Non-inter-level travel time spent in this place.
 C = Inter-level travel time spent in this place.
 D = Time resting spent in this place.
 E = Time spent auto-exploring this place.
 F = Levels seen in this place.
 G = Mean time per level.
                   A        B        C        D        E       F      G
               +--------+--------+--------+--------+--------+-----+--------+
         Total |   1987 |   1942 |     45 |      0 |   1703 |   2 |  993.5 |
       Dungeon |   1987 |   1942 |     45 |      0 |   1703 |   2 |  993.5 |
               +--------+--------+--------+--------+--------+-----+--------+

Top non-repeatable levels by time:
     D:1: 1683 daAuts
     D:2: 304 daAuts
